 Dungeon Crawl Stone Soup version 0.24-a0-788-g2b66604 (webtiles) character file.

Game seed: 1797373817637726059, levelgen mode: deterministic

223 2tousent the Covert (level 5, -15/38 HPs)
             Began as a Vampire Assassin on Oct 9, 2019.
             Demolished by an ogre
             ... wielding a +0 giant club
              (31 damage)
             ... on level 4 of the Dungeon.
             The game lasted 00:07:45 (2546 turns).

2tousent the Covert (Vampire Assassin)              Turns: 2546, Time: 00:07:46

Health: -15/38     AC:  4    Str: 10    XL:     5   Next: 66%
Magic:  5/5        EV: 11    Int: 13    God:
Gold:   134        SH:  0    Dex: 17    Spells: 4/4 levels left

rFire    . . .     SeeInvis +   a - +2 dagger
rCold    . . .     Gourm    .   (no shield)
rNeg     . . .     Faith    .   n - +0 leather armour
rPois    .         Spirit   .   (no helmet)
rElec    .         Reflect  .   c - +0 cloak
rCorr    .         Harm     .   (no gloves)
MR       .....                  (no boots)
Stlth    ++++......             (no amulet)
HPRegen  0.32/turn              (no ring)
MPRegen  0.09/turn              (no ring)

@: regenerating quickly
A: no food, fangs 3, see invisible, unbreathing
a: Exsanguinate


You were on level 4 of the Dungeon.
You were alive.

You visited 1 branch of the dungeon, and saw 4 of its levels.

You collected 134 gold pieces.

Inventory:

Hand Weapons
 a - a +2 dagger (weapon)
Missiles
 d - 20 poisoned darts (quivered)
Armour
 b - a +0 robe
 c - a +0 cloak (worn)
 n - a +0 leather armour (worn)
Scrolls
 f - 5 scrolls of identify
 h - a scroll of blinking {unknown}
 j - 2 scrolls of magic mapping
Potions
 g - a potion of flight
 i - a potion of lignification {unknown}
 k - a potion of curing
 m - a potion of agility


   Skills:
 - Level 1.7 Fighting
 * Level 4.9 Short Blades
 - Level 1.5 Throwing
 + Level 0.0 Armour
 - Level 1.1 Dodging
 * Level 8.6 Stealth


You had 4 spell levels left.
You didn't know any spells.
Your spell library was empty.

Dungeon Overview and Level Annotations

Branches:
Dungeon (4/15)
 Temple: D:4-7

Altars:


Innate Abilities, Weirdness & Mutations

You do not eat.
Your natural rate of healing is unusually fast.
You have razor-sharp teeth.
You have supernaturally acute eyesight. (SInv)
You can survive without breathing.


Message History

The ogre is poisoned.
The ogre is heavily wounded.
The ogre hits you with a +0 giant club!
Fire/throw which item? (* to show all) (? for menu, Esc to quit)
Throwing (i - inventory. (/) - cycle)
d - 20 poisoned darts (quivered)
Press: ? - help, Shift-Dir - straight line, f/p - ogre
Aim: an ogre, wielding a +0 giant club (heavily wounded, poisoned)
You throw a curare-tipped dart.
The curare-tipped dart closely misses the ogre.
The ogre looks more healthy.
Fire/throw which item? (* to show all) (? for menu, Esc to quit)
Throwing (i - inventory. (/) - cycle)
d - 20 poisoned darts (quivered)
Press: ? - help, Shift-Dir - straight line, f/p - ogre
Aim: an ogre, wielding a +0 giant club (severely wounded)
You throw a curare-tipped dart. The curare-tipped dart hits the ogre.
The ogre is poisoned.
The ogre convulses.
The ogre seems to slow down.
The ogre is severely wounded.
The ogre hits you with a +0 giant club!!
Ouch! That really hurt!
You die...

.####### .......###
####.....# .....##### ####
###### ##..# ######## #(..#
.......# #.#.# #####'.# #O#.#
.....#.# ######@#(###
###'.#.# #......#...##
...#.#.# ##.######.#..###
##.#.#.###..#####.......###
##.#.#........##..........#
...#.#..............≈≈≈....#
###+.#.#######.....≈≈≈≈≈....#
..#..†# #.....≈≈♣≈≈....#
#+.†.# #.....≈≈≈≈≈..>.#


You could see an ogre.

Vanquished Creatures
  An orc priest (D:2)
  An orc wizard (D:3)
  Crazy Yiuf (D:3)
  A worker ant (D:2)
  3 adders
  4 worms (D:2)
  A leopard gecko (D:2)
  4 orcs
  2 giant cockroaches
  5 goblins
  8 hobgoblins
  8 jackals
  3 kobolds
  6 quokkas
  8 bats
  4 frilled lizards (D:2)
  7 rats
67 creatures vanquished.

Notes
Turn   | Place    | Note
-------+----------+-------------------------------------------
     0 | D:1      | 2tousent the Vampire Assassin began the quest for the Orb.
     0 | D:1      | Reached XP level 1. HP: 16/16 MP: 1/1
   119 | D:1      | You fall into a shaft and drop 1 floor!
   121 | D:2      | Reached skill level 6 in Stealth
   153 | D:2      | Reached XP level 2. HP: 11/22 MP: 2/2
   973 | D:2      | Reached XP level 3. HP: 24/27 MP: 3/3
  1247 | D:2      | Reached skill level 7 in Stealth
  1422 | D:3      | Reached XP level 4. HP: 33/33 MP: 4/4
  1702 | D:2      | Reached skill level 8 in Stealth
  1778 | D:3      | Reached XP level 5. HP: 26/38 MP: 5/5
  1786 | D:3      | HP: 1/38 [orc/+0 flail (6)]
  2248 | D:3      | Found a runed translucent door.
  2249 | D:3      | Noticed Crazy Yiuf
  2280 | D:3      | Killed Crazy Yiuf
  2517 | D:4      | Noticed an ogre
  2546 | D:4      | Demolished by an ogre

Levels and vault maps discovered:
D:1:      dpeg_arrival_water_altar, layout_loops_ring,
          chequers_serial_rivers_small_3
D:2:      layout_loops_cross
D:3:      layout_loops_ring, first_ration, uniq_crazy_yiuf_cottage
D:4:      layout_rooms, minmay_temple_entry_antechambers, minivault_11,
          elyvilon_altar_3, uniq_natasha

Skill      XL: |  1  2  3  4 |
---------------+-------------+-----
Stealth        | 6 7 8 |  8.6
Short Blades   | 3 4 |  4.9
Fighting       | |  1.7
Throwing       | |  1.5
Dodging        | |  1.1

Action                   |  1- 3 |  4- 6 || total
-------------------------+-------+-------++-------
Melee: Dagger            |   122 |   151 ||   273
       Bite              |    12 |    15 ||    27
Throw: Dart              |       |     5 ||     5
  Use: Scroll            |     2 |     5 ||     7
 Stab: Sleeping          |    14 |     8 ||    22
       Distracted        |       |     1 ||     1
Armor: Robe              |    11 |    25 ||    36
       Leather armour    |       |     4 ||     4
Dodge: Dodged            |    55 |    94 ||   149

Table legend:
 A = Non-vault XP
 B = Vault XP
 C = Vault XP percentage of total XP
 D = Non-vault monster count
 E = Vault monster count
 F = Vault count percentage of total count
                 A         B        C        D         E       F
            +---------+---------+-------+---------+---------+-------
      Total |     280 |      39 |  12.2 |      66 |       1 |   1.5
            +---------+---------+-------+---------+---------+-------
        D:1 |      11 |       0 |   0.0 |       7 |       0 |   0.0
        D:2 |     154 |       0 |   0.0 |      32 |       0 |   0.0
        D:3 |     107 |      39 |  26.7 |      23 |       1 |   4.2
        D:4 |       8 |       0 |   0.0 |       4 |       0 |   0.0
            +---------+---------+-------+---------+---------+-------
